 Dungeon Crawl Stone Soup version 0.29.1-12-g30fa7ad0bf (webtiles) character file.

Game seed: 7143025044009073019

714 Rrauwl the Caller (level 7, 0/53 HPs)
             Began as a Barachi Summoner on Dec 23, 2022.
             Succumbed to a water moccasin's poison
             ... on level 5 of the Dungeon.
             The game lasted 00:19:20 (4483 turns).

Rrauwl the Caller (Barachi Summoner)                Turns: 4483, Time: 00:19:21

Health: 0/53       AC:  6    Str: 22    XL:     7   Next: 69%
Magic:  7/11       EV: 13    Int: 21    God:
Gold:   200        SH:  0    Dex: 12    Spells: 8/12 levels left

rFire   . . .      SeeInvis +   j - +6 whip of the Wary Knaves {vorpal, *Corrode rN+ Str+2 SInv}
rCold   . . .      Faith    .   (no shield)
rNeg    + . .      Spirit   .   c - +0 leather armour
rPois   .          Reflect  .   r - +0 hat
rElec   .          Harm     .   k - +0 cloak
rCorr   .          Rampage  .   d - +1 pair of gloves
Will    .....                   (no boots)
Stlth   ++........              (no amulet)
HPRegen 0.17/turn               a - +6 ring of strength
MPRegen 0.12/turn               t - +6 ring of strength

@: lethally poisoned (0 -> -1), slow
A: amphibious, slowness 1, strong legs 1, +LOS, clever 1
a: Hop


You were on level 5 of the Dungeon.
You visited 1 branch of the dungeon, and saw 5 of its levels.

You collected 240 gold pieces.
You spent 40 gold pieces at shops.

Inventory:

Hand Weapons
 g - a +1 whip of electrocution
 i - a +2 quarterstaff of chaos
 j - the +6 whip of the Wary Knaves (weapon) {vorpal, *Corrode rN+ Str+2 SInv}
   (You took it off a kobold on level 2 of the Dungeon)

   It inflicts extra damage upon your enemies.
   Str:       It affects your strength (+2).
   rN:        It protects you from negative energy.
   SInv:      It lets you see invisible.
   *Corrode:  It may corrode you when you take damage.
 q - a +0 falchion
Armour
 c - a +0 leather armour (worn)
 d - a +1 pair of gloves (worn)
 k - a +0 cloak (worn)
 o - an orb of wrath
 r - a +0 hat (worn)
Magical Staves
 h - a staff of earth
Jewellery
 a - a +6 ring of strength (left hand)
 t - a +6 ring of strength (right hand)
Wands
 u - a wand of charming (2)
Scrolls
 f - 3 scrolls of identify
 l - a scroll of enchant armour
 p - 3 scrolls of teleportation
 v - a scroll of immolation
Potions
 b - 2 potions of magic
 e - a potion of cancellation
 m - a potion of flight


   Skills:
 + Level 3.9 Fighting
 - Level 5.0 Long Blades
 - Level 2.0 Armour
 - Level 4.0 Dodging
 - Level 2.0 Stealth
 - Level 3.0 Spellcasting
 - Level 7.0 Summonings


You had 8 spell levels left.
You knew the following spells:

 Your Spells              Type           Power      Damage    Failure   Level
a - Summon Small Mammal   Summ           100%       N/A       1%          1
b - Call Canine Familiar  Summ           32%        N/A       2%          3

Your spell library contained the following spells:

 Spells                   Type           Power      Damage    Failure   Level
 Call Imp                 Summ           32%        N/A       1%          2
 Summon Guardian Golem    Hex/Summ       17%        N/A       11%         3
 Summon Lightning Spire   Summ/Air       17%        N/A       34%         4
 Dazzling Flash           Conj/Hex       6%         N/A       41%         3
 Inner Flame              Hex/Fire       3%         N/A       41%         3
 Cause Fear               Hex            1%         N/A       83%         4
 Agony                    Necr           3%         N/A       99%         5
 Silence                  Hex/Air        1%         N/A       99%         5
 Discord                  Hex            1%         N/A       100%        8


Dungeon Overview and Level Annotations

Branches:
Dungeon (5/15)
 Temple: D:4-7

Altars:
Uskayaw

Shops:
D:4 *

Annotations:
D:5 3 runed translucent doors


Innate Abilities, Weirdness & Mutations

You are amphibious.
You cover ground slowly.
You can hop short distances.
You have an extended range of vision and can be seen from far away.
Your mind is acute. (Int +4, Str/Dex -1)


Message History

The water moccasin bites you but does no damage.
Your hound barely misses the water moccasin.
You whack the water moccasin!
You kill the water moccasin!
* * * LOW HITPOINT WARNING * * *
You feel sick.
Training target 5.0 for Long Blades reached!
Your Long Blades skill increases to level 5!
You need to enable at least one skill for training.
As you read the scroll labelled QYPPIS FIKH, it crumbles to dust.
You hear a loud clanging noise!
It was a scroll of noise.
* * * LOW HITPOINT WARNING * * *
You feel sick.
You hear a shout!
You hear an angry hiss.
Your magical effects are unravelling.
You feel magically purged.
You feel a little less mighty now.
* * * LOW HITPOINT WARNING * * *
You feel sick.
A scorpion comes into view.
There is a lethal amount of poison in your body!
You are too injured to fight recklessly!
Aiming: Charm
Press: ? - help, Shift-Dir - straight line, f - scorpion
Aim: a scorpion (chance to affect: 49%)
The scorpion resists with some effort.
* * * LOW HITPOINT WARNING * * *
You feel sick.
* * * LOW HITPOINT WARNING * * *
You feel sick.
Your hound barely misses the scorpion.
* * * LOW HITPOINT WARNING * * *
You feel sick.
You see here 11 gold pieces.
You closely miss the scorpion.
* * * LOW HITPOINT WARNING * * *
You feel sick.
Your hound bites the scorpion.
The scorpion stings you but does no damage.
Your hound bites the scorpion.
You die...

###########
#..@......#
#..$......#
#..s......#
#.h.........
#.........##
#...........
............
#####.#......
.#...##.


You could see a scorpion (ally target) and a friendly hound (summoned).

Vanquished Creatures
  A water moccasin (D:5)
  An ogre (D:4)
  A kobold brigand (D:5)
  2 necrophages
  Crazy Yiuf (D:2)
  An iguana (D:4)
  Natasha (D:2)
  An orc wizard (D:3)
  3 worms
  2 dart slugs
  3 orcs
  3 bats
  2 endoplasms
  2 giant cockroaches
  3 goblins
  6 hobgoblins
  6 kobolds
  A quokka (D:4)
  6 ball pythons
  8 frilled lizards
  A rat (D:2)
55 creatures vanquished.

Vanquished Creatures (collateral kills)
  A hound (D:5)
  Jessica (D:2)
  Natasha (twice) (D:2)
  An adder (D:2)
  3 gnolls (D:3)
  2 dart slugs (D:1)
  2 orcs (D:4)
  5 bats
  An endoplasm (D:3)
  2 giant cockroaches
  3 goblins
  2 quokkas
  A ball python (D:4)
  10 frilled lizards
  A kobold (D:2)
  2 rats
39 creatures vanquished.

Vanquished Creatures (others)
  6 plants (D:4)
6 creatures vanquished.

Grand Total: 100 creatures vanquished

Notes
Turn   | Place    | Note
-------+----------+-------------------------------------------
     0 | D:1      | Rrauwl the Barachi Summoner began the quest for the Orb.
     0 | D:1      | Reached XP level 1. HP: 13/13 MP: 3/3
   480 | D:1      | Reached XP level 2. HP: 19/19 MP: 3/5
   520 | D:1      | Found a faded altar of an unknown god.
   530 | D:1      | Reached skill level 5 in Summonings
  1258 | D:2      | Noticed Jessica
  1265 | D:2      | Killed Jessica
  1266 | D:2      | Reached XP level 3. HP: 24/24 MP: 1/7
  1476 | D:2      | Reached XP level 4. HP: 26/30 MP: 5/8
  1625 | D:2      | Learned a level 3 spell: Call Canine Familiar
  1632 | D:2      | Found a hide-covered altar of Uskayaw.
  1858 | D:2      | Found a runed translucent door.
  1859 | D:2      | Noticed Crazy Yiuf
  1946 | D:2      | Noticed Natasha
  1953 | D:2      | Killed Natasha
  1954 | D:2      | Reached skill level 1 in Armour
  1971 | D:2      | Noticed Natasha
  1981 | D:2      | Killed Natasha
  1982 | D:2      | Reached XP level 5. HP: 11/36 MP: 5/9
  1998 | D:2      | Noticed Natasha
  2003 | D:2      | Killed Natasha
  2004 | D:2      | Reached skill level 1 in Fighting
  2255 | D:2      | Gained mutation: Your mind is acute. (Int +4, Str/Dex -1)
                  | [potion of mutation]
  2294 | D:2      | Identified the +6 whip of the Wary Knaves {vorpal, *Corrode
                  | rN+ Str+2 SInv}
  2575 | D:2      | Killed Crazy Yiuf
  2881 | D:3      | Reached skill level 6 in Summonings
  3081 | D:3      | Reached XP level 6. HP: 43/44 MP: 10/10
  3756 | D:4      | Reached skill level 1 in Long Blades
  4044 | D:4      | Found Neot's Fire Supplies.
  4050 | D:4      | Bought a scroll of immolation for 40 gold pieces
  4143 | D:4      | Reached skill level 7 in Summonings
  4143 | D:4      | Reached XP level 7. HP: 39/52 MP: 4/11
  4392 | D:5      | Entered Level 5 of the Dungeon
  4392 | D:5      | Noticed a redback
  4392 | D:5      | Noticed a redback
  4392 | D:5      | Noticed a redback
  4392 | D:5      | Found a runed translucent gate.
  4392 | D:5      | Found a runed translucent gate.
  4394 | D:5      | Found a runed translucent gate.
  4477 | D:5      | Reached skill level 5 in Long Blades
  4480 | D:5      | HP: 2/53 [poisoned by a water moccasin]
  4483 | D:5      | Succumbed to a water moccasin's poison

Illustrated notes

Levels and vault maps discovered:
D:1:      dpeg_arrival_court, layout_basic, basic_ecumenical_altar
D:2:      layout_rooms, basic_altar, roderic_lattice_a, uniq_natasha,
          uniq_crazy_yiuf_cottage, uniq_jessica
D:3:      layout_loops_ring, chequers_decorated_corner
D:4:      layout_gridville, serial_rivers, chequers_serial_rivers_room_a,
          chequers_serial_rivers_small_b, chequers_serial_rivers_small_3,
          chequers_serial_rivers_marsh, chequers_serial_rivers_marsh,
          nicolae_shop_fire_sale [nicolae_sub_dead_trees], minmay_lizard_king
D:5:      layout_rooms, nicolae_overflow_hidden_temple, gammafunk_ghost_hive,
          minmay_guarded_unrand_staff_of_olgreb, uniq_menkaure

Skill      XL: |  1  2  3  4  5  6  7 |
---------------+----------------------+-----
Stealth        | 2 |  2.0
Summonings     | 5 6 7 |  7.0
Dodging        | 3 4 |  4.0
Spellcasting   | 3 |  3.0
Armour         | 1 2 |  2.0
Fighting       | 2 3 |  3.9
Long Blades    | 2 5 |  5.0

Action                   |  1- 3 |  4- 6 |  7- 9 || total
-------------------------+-------+-------+-------++-------
Melee: Unarmed           |    59 |     3 |       ||    62
       Punch             |     1 |     3 |       ||     4
       Whip              |       |   111 |    26 ||   137
 Cast: Summon Small Mamm |    22 |     5 |       ||    27
       Call Canine Famil |       |    20 |     3 ||    23
Evoke: Wand              |       |       |     1 ||     1
  Use: Scroll            |     3 |     4 |     2 ||     9
       Potion            |     2 |     6 |     2 ||    10
 Stab: Sleeping          |     2 |     2 |       ||     4
       Distracted        |       |     3 |       ||     3
       Invisible         |       |     1 |       ||     1
Armor: Leather armour    |    22 |    35 |    12 ||    69
Dodge: Dodged            |    33 |    65 |    23 ||   121
